 Dungeon Crawl Stone Soup version 0.17-a0-1115-g0372368 (webtiles) character file.

56 Hanyuu the Insei (level 3, 23/23 HPs)
             Began as an Octopode Transmuter on May 24, 2015.
             Quit the game on level 2 of the Dungeon.
             The game lasted 00:03:20 (1851 turns).

Hanyuu the Insei (Octopode Transmuter)              Turns: 1851, Time: 00:03:20

Health: 23/23      AC:  1    Str:  9    XL:     3   Next: 97%
Magic:  6/6        EV: 12    Int: 16    God:
Gold:   94         SH:  0    Dex: 12    Spells: 3 memorised, 0 levels left

rFire  . . .     SeeInvis .       - Unarmed
rCold  . . .     Clarity  .     (no shield)
rNeg   . . .     SustAt   .     (helmet restricted)
rPois  .         Gourm    .     (no amulet)
rElec  .         Spirit   .     (no ring)
rCorr  .         Warding  .     (no ring)
rMut   .         Stasis   .     (no ring)
MR     .....                    (no ring)
Stlth  ++........               (no ring)
                                (no ring)
                                (no ring)
                                (no ring)

@: not resistant to hostile enchantments, unstealthy
A: almost no armour, amphibious, 8 rings, constrict 8, camouflage 1, gelatinous
body 1
a: no special abilities


You were on level 2 of the Dungeon.
You were hungry.

You visited 1 branch of the dungeon, and saw 2 of its levels.

You collected 94 gold pieces.

Inventory:

Missiles
 a - 40 arrows
 d - 22 poisoned needles
Scrolls
 e - a scroll of remove curse {unknown}
 h - 2 scrolls of identify {unknown}
 k - a scroll of blinking {unknown}
 l - a scroll of fog {unknown}
 n - a scroll of teleportation {unknown}
Potions
 i - a potion of magic {unknown}
Books
 b - a book of Changes

   Spells                             Type                      Level
   a - Beastly Appendage              Transmutation                1
   b - Sticks to Snakes               Transmutation                2
   c - Spider Form                    Transmutation/Poison         3
   d - Ice Form                       Ice/Transmutation            4
   e - Blade Hands                    Transmutation                5
Comestibles
 c - a bread ration
 f - 2 meat rations
 g - 2 beef jerkies
 j - 3 fruits


   Skills:
 - Level 1.0 Fighting
 - Level 2.0 Dodging
 + Level 4.7 Unarmed Combat
 - Level 2.0 Spellcasting
 - Level 2.0 Transmutations


You couldn't memorise any spells.
You knew the following spells:

 Your Spells              Type           Power        Failure   Level  Hunger
a - Beastly Appendage     Trmt           #.....       10%         1    #......
b - Sticks to Snakes      Trmt           #.........   14%         2    ###....
c - Spider Form           Trmt/Pois      #.........   38%         3    ###....


Dungeon Overview and Level Annotations

Branches:
Dungeon (2/15)

Altars:
Fedhas
Qazlal


Innate Abilities, Weirdness & Mutations

You cannot wear most types of armour.
You are amphibious.
You can wear up to eight rings at the same time.
You can use your tentacles to constrict eight enemies at once.
Your skin changes colour to match your surroundings (Stealth).
Your rubbery body absorbs attacks (AC +1).


Message History

The hobgoblin is moderately wounded.
You constrict the hobgoblin. The hobgoblin closely misses you.
You tentacle-slap the hobgoblin.
You kill the hobgoblin!
You start resting.
You are feeling hungry.
You start resting.
All of the chunks of flesh in your inventory have rotted away.
Eat which item? (? for menu, Esc to quit)
Okay, then.
You start resting.
HP restored.
Done exploring.
Done exploring.
(D) Dungeon
Where to? (Enter - D:2, ? - help)
Okay, then.
Are you sure you want to abandon this character and quit the game? (Confirm with "yes".)
Okay, then.
Are you sure you want to abandon this character and quit the game? (Confirm with "yes".)

...##......................#
####............##.........#
.###..########..##.........#
[.....# #..##.........#
.###<## #.............# .#
#.#########...#####.##### .#
#.......>.....# #.# .#
#.#########..#### #.# .#
#.#####......@..# #.# ##
#.......#######.# #.#
#.#####.# #.# #.##########
##.#####.# #รท# #...........
#........# #.# #.##########
###..#####.# #.# #.#
.....#####.# #.# #.#
...........#######.# #.#
.#########.........###.##


There were no monsters in sight!

Vanquished Creatures
  3 adders (D:2)
  A giant gecko (D:1)
  A giant cockroach (D:1)
  6 hobgoblins
  4 kobolds (D:1)
  2 bats (D:1)
  2 giant newts (D:1)
  5 goblins (D:2)
  8 rats
32 creatures vanquished.

Notes
Turn   | Place    | Note
--------------------------------------------------------------
     0 | D:1      | Hanyuu the Octopode Transmuter began the quest for the Orb.
     0 | D:1      | Reached XP level 1. HP: 13/13 MP: 3/3
   192 | D:1      | Reached XP level 2. HP: 13/18 MP: 5/5
   900 | D:1      | Reached skill level 4 in Unarmed Combat
  1131 | D:2      | Found a blossoming altar of Fedhas.
  1134 | D:2      | Found a stormy altar of Qazlal.
  1146 | D:2      | Reached XP level 3. HP: 23/23 MP: 6/6
  1150 | D:2      | Learned a level 2 spell: Sticks to Snakes
  1154 | D:2      | Learned a level 3 spell: Spider Form
  1374 | D:2      | Found a blossoming altar of Fedhas.
  1851 | D:2      | Quit the game

Vault maps used:
D:1:      shiori_arrival_oz, lemuel_another_geyser
D:2:      grunt_temple_overflow_forces_of_nature, fedhas_altar_1

Action                   || total
-------------------------++-------
Melee: Unarmed           ||    74
 Cast: Beastly Appendage ||     1
 Stab: Sleeping          ||     5
       Distracted        ||     1
  Eat: Chunk             ||     2
